 Dungeon Crawl Stone Soup version 0.30-a0-879-ga8ba668304 (webtiles) character file.

Game seed: 6076346442424191049

103 cforsyth the Chopper (level 4, -25/36 HPs)
             Began as a Barachi Fighter on Mar 13, 2023.
             Annihilated by an ogre
             ... wielding a +0 giant spiked club
              (32 damage)
             ... on level 4 of the Dungeon.
             The game lasted 00:03:35 (2503 turns).

cforsyth the Chopper (Barachi Fighter)              Turns: 2503, Time: 00:03:35

Health: -25/36     AC:  8    Str: 25    XL:     4   Next: 79%
Magic:  4/4        EV:  9    Int:  9    God:
Gold:   140        SH:  4    Dex: 11    Spells: 3/3 levels left

rFire   . . .      SeeInvis +    a - +1 war axe
rCold   . . .      Faith    .    c - +0 buckler
rNeg    . . .      Spirit   .    b - +0 scale mail
rPois   .          Reflect  .    i - +0 helmet
rElec   .          Rampage  .    (no cloak)
rCorr   .                        (no gloves)
Will    .....                    (no boots) Stlth
                                 (no amulet)
HPRegen 0.26/turn                e - +6 ring of strength
MPRegen 0.09/turn                r - ring of see invisible

@: slow
A: amphibious, slowness 1, strong legs 1, +LOS
a: Hop


You were on level 4 of the Dungeon.
You visited 1 branch of the dungeon, and saw 4 of its levels.

You collected 140 gold pieces.

Inventory:

Hand Weapons
 a - a +1 war axe (weapon)
Armour
 b - a +0 scale mail (worn)
 c - a +0 buckler (worn)
 i - a +0 helmet (worn)
Jewellery
 e - a +6 ring of strength (left hand)
 h - a ring of fire
 p - a ring of fire
 r - a ring of see invisible (right hand)
Scrolls
 f - a scroll of fear {unknown}
 g - a scroll of noise {unknown}
 j - a scroll of blinking {unknown}
 k - a scroll of brand weapon {unknown}
 l - a scroll of silence
 t - a scroll of teleportation {unknown}
 u - a scroll of enchant weapon
 v - a scroll of immolation {unknown}
Potions
 d - a potion of might
 m - a potion of resistance
 n - a potion of flight
 o - a potion of mutation
 q - a potion of invisibility
 s - a potion of curing {unknown}
 w - a potion of degeneration {unknown}


   Skills:
 - Level 3.6 Fighting
 + Level 5.3 Axes
 - Level 3.6 Armour
 - Level 3.2 Shields


You had 3 spell levels left.
You didn't know any spells.
Your spell library contained the following spells:

 Spells                   Type           Power      Damage    Failure   Level
 Blink                    Tloc           0%         N/A       88%         2
 Lesser Beckoning         Tloc           0%         N/A       88%         2
 Gell's Gravitas          Tloc           0%         N/A       98%         3
 Teleport Other           Tloc           0%         N/A       98%         3
 Manifold Assault         Tloc           0%         N/A       100%        4
 Storm Form               Tmut/Air       0%         N/A       100%        7


Dungeon Overview and Level Annotations

Branches:
Dungeon (4/15)
 Temple: D:4-7

Altars:

Annotations:
D:3 3 runed translucent doors, hgbash's ghost, amateur DEEE


Innate Abilities, Weirdness & Mutations

You are amphibious.
You cover ground slowly.
You can hop short distances.
You have an extended range of vision and can be seen from far away.


Message History

A goblin is nearby!
As you read the scroll labelled DOEXTUSANK, it crumbles to dust.
It is a scroll of enchant weapon.
Your +0 war axe glows red for a moment.
A kobold comes into view.
It is wielding a +0 club and quivering poisoned darts.
The kobold shouts!
A black bear comes into view.
The black bear growls angrily.
The kobold throws a poisoned dart.
The poisoned dart closely misses you.
The kobold throws a poisoned dart.
The poisoned dart closely misses you.
The kobold throws a poisoned dart.
The poisoned dart closely misses you.
You hit the goblin.
You kill the goblin!
The kobold throws a poisoned dart.
The poisoned dart hits you!
You are poisoned.
You feel sick.
You climb upwards.
Level annotation: 3 runed translucent doors, hgbash's ghost, amateur DEEE You feel very sick.
There is a stone staircase leading down here.
You feel sick.
You feel sick.
You feel sick.
You feel sick.
You are no longer poisoned.
HP restored.
There is a stone staircase leading down here.
You climb downwards.
The ogre shouts!
The ball python hisses angrily.
There is a stone staircase leading up here.
You hit the ogre.
The ogre is lightly wounded.
The ogre hits you with a +0 giant spiked club!!
Ouch! That really hurt!
* * * LOW HITPOINT WARNING * * *
You slash the ogre!
The ogre is heavily wounded.
The ogre hits you with a +0 giant spiked club!!
Ouch! That really hurt!
You die...

# #
#####.###.#
#....S.@..#
#......O..#
#........##
#........#
#........#
#........#
##########


You could see an ogre and a ball python.

Vanquished Creatures
  Robin (D:2)
  3 adders
  A dart slug (D:2)
  A worm (D:2)
  3 ball pythons
  7 bats
  3 endoplasms
  2 giant cockroaches
  11 goblins
  6 hobgoblins
  4 jackals (D:2)
  A kobold (D:2)
  2 quokkas
  5 frilled lizards
  6 rats
56 creatures vanquished.

Vanquished Creatures (others)
  2 fungi (D:3)
  2 plants (D:3)
4 creatures vanquished.

Grand Total: 60 creatures vanquished

Notes
Turn   | Place    | Note
-------+----------+-------------------------------------------
     0 | D:1      | cforsyth the Barachi Fighter began the quest for the Orb.
     0 | D:1      | Reached XP level 1. HP: 18/18 MP: 1/1
   574 | D:1      | Reached XP level 2. HP: 24/24 MP: 2/2
   895 | D:2      | Reached skill level 3 in Axes
   941 | D:2      | Noticed Robin
   956 | D:2      | Reached XP level 3. HP: 26/29 MP: 3/3
   969 | D:2      | Reached skill level 4 in Axes
   971 | D:2      | Killed Robin
  1138 | D:2      | Reached XP level 4. HP: 31/36 MP: 4/4
  1395 | D:2      | Reached skill level 5 in Axes
  1790 | D:3      | Found a runed translucent gate.
  1790 | D:3      | Found a runed translucent gate.
  1790 | D:3      | Found a runed translucent gate.
  1791 | D:3      | Noticed hgbash's ghost (amateur DEEE)
  1792 | D:3      | Noticed a kobold brigand
  2236 | D:3      | Identified the +1 buckler "Laidies" {rC+}
  2461 | D:4      | Noticed a black bear
  2501 | D:4      | Noticed an ogre
  2503 | D:4      | Annihilated by an ogre

Illustrated notes

Levels and vault maps discovered:
D:1:      matt_arrival_diagonals, layout_loops_corners
D:2:      layout_basic, grunt_ministairs_1, uniq_robin
D:3:      cheibrodos_old_hovel, layout_loops_ring, gammafunk_ghost_nasty_kobolds
D:4:      layout_rooms, uniq_pikel

Skill      XL: |  1  2  3  4 |
---------------+-------------+-----
Axes           | 3 4 5 |  5.3
Fighting       | |  3.6
Armour         | |  3.6
Shields        | |  3.2

Action                     |  1- 3 |  4- 6 || total
---------------------------+-------+-------++-------
  Melee: War axe           |    68 |    66 ||   134
    Use: Scroll            |       |     6 ||     6
 Armour: Scale mail        |    51 |    36 ||    87
  Dodge: Dodged            |    42 |    47 ||    89
  Block: Buckler           |    22 |    16 ||    38

Table legend: (Time is in decaauts)
 A = Elapsed time spent in this place.
 B = Non-inter-level travel time spent in this place.
 C = Inter-level travel time spent in this place.
 D = Time resting spent in this place.
 E = Time spent auto-exploring this place.
 F = Levels seen in this place.
 G = Mean time per level.
                   A        B        C        D        E       F      G
               +--------+--------+--------+--------+--------+-----+--------+
         Total |   2978 |   2748 |    230 |      0 |   2370 |   4 |  744.5 |
       Dungeon |   2978 |   2748 |    230 |      0 |   2370 |   4 |  744.5 |
               +--------+--------+--------+--------+--------+-----+--------+

Top non-repeatable levels by time:
     D:1: 1007 daAuts
     D:3: 982 daAuts
     D:2: 976 daAuts
     D:4: 12 daAuts
